 Dungeon Crawl Stone Soup version 0.20-a0-1025-g4706f7e (webtiles) character file.

1128 IKeelU3 the Stinger (level 8, -1/52 HPs)
             Began as a Barachi Venom Mage on Apr 19, 2017.
             Was an Initiate of Cheibriados.
             Slain by Grinder (3 damage)
             ... on level 6 of the Dungeon on Apr 20, 2017.
             The game lasted 00:20:58 (6547 turns).

IKeelU3 the Stinger (Barachi Venom Mage)            Turns: 6547, Time: 00:20:58

Health: -1/52      AC:  8    Str: 11    XL:     8   Next: 35%
Magic:  13/15      EV: 12    Int: 18    God:    Cheibriados [......]
Gold:   393        SH:  0    Dex: 14    Spells: 1/16 levels left

rFire    . . .     SeeInvis .   k - +4 short sword (drain)
rCold    + + .     Gourm    .   (no shield)
rNeg     . . .     Faith    .   e - +0 robe of the Ancient Continents {rElec rC++}
rPois    .         Spirit   .   g - +0 helmet
rElec    +         Reflect  .   m - +2 cloak
rCorr    .         Harm     .   J - +0 pair of gloves
MR       .....                  K - +0 pair of boots
Stlth    ++........             s - amulet of magic regeneration
Regen    0.2/turn               (no ring)
MPRegen  0.3/turn               (no ring)

@: can't hop, very slightly contaminated, invisible, very slow
A: +LOS, swims, slowness 1, strong legs 1
a: Hop, Bend Time, Renounce Religion


You were on level 6 of the Dungeon.
You worshipped Cheibriados.
Cheibriados was noncommittal.
You were not hungry.

You visited 2 branches of the dungeon, and saw 7 of its levels.

You collected 393 gold pieces.

Inventory:

Hand Weapons
 k - a +4 short sword of draining (weapon)
Missiles
 v - 3 needles of sleeping
Armour
 e - the +0 robe of the Ancient Continents (worn) {rElec rC++}
   (You took it off a goblin on level 4 of the Dungeon)

   It greatly protects you from cold.
   It insulates you from electricity.
 f - a +0 helmet
 g - a +0 helmet (worn)
 m - a +2 cloak (worn)
 n - a +0 leather armour
 o - a +0 leather armour
 J - a +0 pair of gloves (worn)
 K - a +0 pair of boots (worn)
Magical Staves
 y - an uncursed staff of wizardry
Jewellery
 s - an amulet of magic regeneration (around neck)
Wands
 l - a wand of polymorph (22/24)
 F - a wand of disintegration (6/24)
 L - a wand of paralysis (6/24)
Scrolls
 d - a scroll of random uselessness {unknown}
 u - 2 scrolls of fear
 A - 2 scrolls of amnesia {unknown}
 C - 3 scrolls of identify
 I - a scroll of remove curse
Potions
 a - a potion of might
 h - 2 potions of curing {unknown}
 i - 3 potions of flight
 j - a potion of invisibility
 p - a potion of heal wounds {unknown}
 q - a potion of magic {unknown}
 r - a potion of resistance {unknown}
 t - a potion of ambrosia {unknown}
 w - a potion of degeneration {unknown}
 B - 2 potions of lignification {unknown}
 D - a potion of haste {unknown}
Books
 b - a Young Poisoner's Handbook

   Spells                             Type                      Level
   a - Sting                          Conjuration/Poison           1
   b - Poisonous Vapours              Poison/Air                   2
   c - Mephitic Cloud                 Conjuration/Poison/Air       3
   d - Olgreb's Toxic Radiance        Poison                       4
   e - Venom Bolt                     Conjuration/Poison           5
Comestibles
 c - 3 bread rations
 x - 2 meat rations
 E - 2 royal jellies
 G - 2 fruits


   Skills:
 - Level 2.1 Dodging
 - Level 1.7 Stealth
 + Level 4.9 Spellcasting
 + Level 6.4 Conjurations
 - Level 3.3 Air Magic
 - Level 6.5 Poison Magic


You had one spell level left.
You knew the following spells:

 Your Spells              Type           Power        Failure   Level  Hunger
a - Sting                 Conj/Pois      ####         1%          1    None
b - Poisonous Vapours     Pois/Air       ###...       2%          2    #......
c - Mephitic Cloud        Conj/Pois/Air  ###.....     4%          3    ###....
d - Olgreb's Toxic Radia  Pois           ####....     9%          4    ####...
e - Venom Bolt            Conj/Pois      ####......   26%         5    ######.


Dungeon Overview and Level Annotations

Branches:
Dungeon (6/15)             Temple (1/1) D:5

Altars:
Ashenzari
Cheibriados
Hepliaklqana
Okawaru
Qazlal
Wu Jian
Yredelemnul
The Shining One

Shops:
D:4 :

Annotations:
D:4 Menkaure
D:6 Edmund, Grinder


Innate Abilities, Weirdness & Mutations

Shadows flee at your approach. (+LOS)
You can swim through water.
You cover ground slowly.
You can hop short distances.


Message History

You assume a fearsome visage.
Grinder is unaffected.
The iguana looks frightened!
Grinder barely misses you.
You hit Grinder.
Grinder is lightly wounded.
Grinder hits you.
* * * LOW HITPOINT WARNING * * *
You writhe in agony.
* * * LOW HITPOINT WARNING * * *
Grinder barely misses you.
Edmund the Younger comes into view.
He is wielding a flail of holy wrath.
You fade into invisibility!
Grinder gestures at you. You resist with some effort.
You are very lightly contaminated with residual magic.
As you read the scroll labeled WOAFIT VOFUGHU, it crumbles to dust.
You feel aware of your surroundings.
It was a scroll of magic mapping.
Grinder hits you.
* * * LOW HITPOINT WARNING * * *
You writhe in agony.
You die...

,#.............# #######
,###########...# #......
,,>,,,,........# #......
,*,*,**,#......#### #......
,*,*'*#'##.....+..# #......
,*,,,,.........##.# #......
,*,,,,$..(.l...##.#########...[..
,*,,,,$........5.................
,**,,,.......#..@..########......
,',,,,...>...#........# #......
,*,,,,...)..........#.# #......
,,,,,,...#.#........#,# #######
,*,,,,..,#.##.......#,*
,*,,,,.,,#,*#.......#,*
,*,,,,,,,,,.........#,*
,*,,,,,,,,...@.....##,*
,*,,,,,,,,.......###*,*


You could see Edmund (wandering), Grinder and an iguana (fleeing).

Vanquished Creatures
  Sigmund (D:4)
  A sky beast (D:5)
  An ogre (D:5)
  A centaur (D:5)
  A bullfrog (D:6)
  A howler monkey (D:4)
  A quasit (D:6)
  An orc priest (D:4)
  A centaur skeleton (D:4)
  Terence (D:2)
  2 iguanas
  3 orc wizards
  6 worker ants
  Robin (D:4)
  A howler monkey skeleton (D:5)
  3 gnolls (D:6)
  An adder (D:5)
  2 oozes
  4 worms
  13 dart slugs
  5 leopard geckos
  12 orcs
  2 ball pythons
  10 bats
  6 giant cockroaches
  16 goblins
  10 hobgoblins
  11 jackals
  6 quokkas
  3 frilled lizards
  4 kobolds
  A leopard gecko skeleton (D:6)
  5 rats
137 creatures vanquished.

Notes
Turn   | Place    | Note
-------+----------+-------------------------------------------
     0 | D:1      | IKeelU3 the Barachi Venom Mage began the quest for the Orb.
     0 | D:1      | Reached XP level 1. HP: 13/13 MP: 3/3
   245 | D:1      | Reached XP level 2. HP: 8/19 MP: 0/5
   419 | D:1      | Learned a level 2 spell: Poisonous Vapours
  1122 | D:1      | Reached XP level 3. HP: 24/24 MP: 1/6
  1585 | D:2      | Learned a level 3 spell: Mephitic Cloud
  2200 | D:2      | Noticed Terence
  2215 | D:2      | Killed Terence
  2215 | D:2      | Reached XP level 4. HP: 21/30 MP: 0/7
  3521 | D:3      | Reached XP level 5. HP: 35/35 MP: 3/8
  4086 | D:4      | Noticed Robin
  4171 | D:4      | Got a faintly humming robe
  4186 | D:4      | Identified the +0 robe of the Ancient Continents {rElec rC++} (You took it off a goblin on level 4 of the Dungeon)
  4207 | D:4      | Reached skill level 5 in Conjurations
  4236 | D:4      | Killed Robin
  4279 | D:4      | Reached skill level 1 in Air Magic
  4279 | D:4      | Reached XP level 6. HP: 41/41 MP: 0/9
  4423 | D:4      | Found Zolodaoj's Book Boutique.
  4448 | D:4      | Reached skill level 5 in Poison Magic
  4583 | D:4      | Noticed Sigmund
  4596 | D:4      | Killed Sigmund
  4596 | D:4      | Reached XP level 7. HP: 46/46 MP: 0/10
  4609 | D:4      | Learned a level 4 spell: Olgreb's Toxic Radiance
  4705 | D:4      | Noticed Menkaure
  4728 | D:5      | Entered Level 5 of the Dungeon
  5295 | D:5      | Found a staircase to the Ecumenical Temple.
  5303 | Temple   | Entered the Ecumenical Temple
  5312 | Temple   | Became a worshipper of Cheibriados the Contemplative
  5897 | D:6      | Reached XP level 8. HP: 40/52 MP: 13/13
  5969 | D:6      | Noticed Grinder
  6047 | D:5      | Learned a level 5 spell: Venom Bolt
  6324 | D:6      | Reached * piety under Cheibriados
  6537 | D:6      | Paralysed by Grinder for 5 turns
  6546 | D:6      | Noticed Edmund
  6547 | D:6      | HP: 2/52 [Grinder (4)]
  6547 | D:6      | Slain by Grinder

Vault maps used:
D:1:      ncdulo_lavacross, minmay_cupped
D:2:      serial_park_tiny_1, uniq_terence
D:3:      first_bread, hangedman_decor_slide_cut
D:4:      serial_shops, shop, chequers_big_river, minmay_crystal_room,
          minivault_14, uniq_robin, uniq_sigmund, uniq_menkaure
D:5:      kennysheep_slugbush, temple_fountains, kennysheep_flooded_box
D:6:      uniq_grinder, uniq_edmund
Temple:   dshaligram_water_room_temple

Skill      XL: |  1  2  3  4  5  6  7  8 |
---------------+-------------------------+-----
Conjurations   | 2 3 4 5 6 |  6.4
Poison Magic   | 4 5 6 |  6.5
Air Magic      | 1 3 |  3.3
Spellcasting   | 3 4 |  4.9
Dodging        | |  2.1
Stealth        | |  1.7

Action                   |  1- 3 |  4- 6 |  7- 9 || total
-------------------------+-------+-------+-------++-------
Melee: Dagger            |    29 |       |       ||    29
       Short sword       |    15 |    36 |    39 ||    90
       Staff             |       |       |     8 ||     8
 Cast: Sting             |    89 |   142 |    94 ||   325
       Mephitic Cloud    |       |     3 |       ||     3
       Poisonous Vapours |       |       |    10 ||    10
       Olgreb's Toxic Ra |       |       |     5 ||     5
Invok: Bend Time         |       |       |     1 ||     1
 Abil: Hop               |       |       |     2 ||     2
  Use: Scroll            |     4 |     5 |     3 ||    12
       Potion            |       |       |     1 ||     1
  Eat: Chunk             |     7 |    11 |     9 ||    27
Armor: Robe              |    11 |    14 |    68 ||    93
Dodge: Dodged            |    52 |    42 |   121 ||   215
